 Dungeon Crawl Stone Soup version 0.31-a0-18-gea43df2a32 (webtiles) character file.

Game seed: 13436326041814982319

2346 sircluck the Cleaver (level 9, 0/78 HPs)
             Began as a Hill Orc Fighter on May 9, 2023.
             Was a Follower of Beogh.
             Slain by a two-headed ogre
             ... wielding a +0 giant club
              (16 damage)
             ... on level 8 of the Dungeon.
             The game lasted 00:08:12 (7390 turns).

sircluck the Cleaver (Hill Orc Fighter)             Turns: 7390, Time: 00:08:12

Health: 0/78       AC: 11    Str: 21    XL:     9   Next: 43%
Magic:  9/9        EV: 10    Int:  8    God:    Beogh [*.....]
Gold:   342        SH:  5    Dex: 12    Spells: 8/8 levels left

rFire   + . .        a - +0 war axe
rCold   . . .        c - +0 buckler
rNeg    . . .        D - +1 scale mail {rF+}
rPois   .            (no helmet)
rElec   .            K - +0 cloak
rCorr   .            u - +0 pair of gloves
SInv    .            (no boots)
Will    .....        (no amulet)
Stlth   +            (no ring)
HPRegen 0.33/turn    (no ring)
MPRegen 0.11/turn

%: no passive effects
@: no status effects
A: no striking features
a: Renounce Religion


You were on level 8 of the Dungeon.
You worshipped Beogh.
Beogh was aware of your devotion.
You visited 1 branch of the dungeon, and saw 8 of its levels.

You collected 342 gold pieces.

Inventory:

Hand Weapons
 a - a +0 war axe (weapon)
Missiles
 v - 78 stones (quivered)
 y - 10 boomerangs
 C - 2 poisoned darts
 G - 3 boomerangs of dispersal
Armour
 c - a +0 buckler (worn)
 m - the +3 leather armour of the Trout {rCorr Dex+3}
   (You found it on level 2 of the Dungeon)

   Dex:       It affects your dexterity (+3).
   rCorr:     It protects you from acid and corrosion.
 u - a +0 pair of gloves (worn)
 D - a +1 scale mail of fire resistance (worn)
 K - a +0 cloak (worn)
Jewellery
 r - an amulet of guardian spirit
 t - an amulet of regeneration
 L - an amulet of magic regeneration
Wands
 p - a wand of light (11)
 z - a wand of paralysis (9)
 J - a wand of polymorph (13)
 N - a wand of flame (17)
 P - a wand of iceblast (4)
Scrolls
 b - a scroll of noise {unknown}
 g - a scroll of immolation {unknown}
 i - 2 scrolls of magic mapping {unknown}
 j - 6 scrolls of identify {unknown}
 k - a scroll of fear {unknown}
 l - 2 scrolls of blinking {unknown}
 o - 3 scrolls of torment {unknown}
 s - a scroll of fog {unknown}
 E - a scroll of poison {unknown}
 F - 3 scrolls of enchant weapon {unknown}
 H - a scroll of brand weapon {unknown}
 I - a scroll of teleportation {unknown}
 O - a scroll of butterflies {unknown}
 Q - a scroll of enchant armour {unknown}
Potions
 d - a potion of might
 e - a potion of heal wounds
 f - 2 potions of lignification
 h - 3 potions of haste {unknown}
 n - 2 potions of mutation {unknown}
 q - 3 potions of curing {unknown}
 w - 2 potions of ambrosia {unknown}
 x - a potion of cancellation {unknown}
 A - a potion of berserk rage {unknown}
 B - 3 potions of degeneration {unknown}
 M - a potion of attraction {unknown}


   Skills:
 + Level 6.8 Fighting
 + Level 10.6 Axes
 + Level 6.8 Armour
 + Level 2.9 Dodging
 + Level 2.3 Stealth
 + Level 4.9 Shields
 + Level 0.5 Unarmed Combat
 + Level 0.6 Evocations


You had 8 spell levels left.
You didn't know any spells.
Your spell library contained the following spells:

 Spells                   Type           Power      Damage    Failure   Level
 Shock                    Conj/Air       0%         1d3       78%         1
 Cigotuvi's Dreadful Rot  Necr/Pois/Air  0%         N/A       89%         2
 Sublimation of Blood     Necr           0%         N/A       89%         2
 Wereblood                Tmut           0%         N/A       89%         2
 Ignite Poison            Fire/Tmut/Pois 0%         N/A       98%         3
 Swiftness                Air            0%         N/A       98%         3
 Airstrike                Air            0%         2d(0-16)  100%        4
 Freezing Cloud           Conj/Ice/Air   0%         6-21      100%        5
 Simulacrum               Ice/Necr       0%         N/A       100%        6
 Ozocubu's Refrigeration  Ice            0%         4d7       100%        7
 Summon Hydra             Summ           0%         N/A       100%        7
 Polar Vortex             Ice            0%         N/A       100%        9


Dungeon Overview and Level Annotations

Branches:
Dungeon (8/15)             Temple (0/1) D:5
   Lair: D:8-11

Altars:
Cheibriados
Fedhas
Kikubaaqudgha
Qazlal
Xom
Zin


Message History

You are too injured to fight recklessly!
You are too injured to fight recklessly!
You are too injured to fight recklessly!
You are too injured to fight recklessly!
You are too injured to fight recklessly!
You are too injured to fight recklessly!
You are too injured to fight recklessly!
You are too injured to fight recklessly!
You are too injured to fight recklessly!
You are too injured to fight recklessly!
You are too injured to fight recklessly!
You are too injured to fight recklessly!
Unknown command.
Aiming: Polymorph
Press: ? - help, Q - select action, (/) - cycle Shift-Dir - straight line, f - two-headed ogre
Aim: a two-headed ogre, wielding a +0 giant club and a +0 giant spiked club (will become a faun, a dream sheep, or a steelbarb worm, chance to affect: 32%)
The two-headed ogre easily resists.
Aiming: Bolt of Light
Press: ? - help, Q - select action, (/) - cycle Shift-Dir - straight line, f - orc wizard, p - two-headed ogre
Aim: an orc wizard, wielding a +0 dagger and wearing a +0 robe (moderately wounded, 64% to hit)
The bolt of light hits the two-headed ogre!
The two-headed ogre is lightly wounded.
The two-headed ogre is blinded.
The bolt of light hits the orc wizard!
The orc wizard is almost dead.
The orc wizard is blinded.
You hit the two-headed ogre but do no damage.
The two-headed ogre is lightly wounded.
The two-headed ogre hits you with a +0 giant club!!
* * * LOW HITPOINT WARNING * * *
The two-headed ogre hits you with a +0 giant spiked club!
* * * LOW HITPOINT WARNING * * *
You feel much better. The two-headed ogre closely misses you.
The two-headed ogre barely misses you.
The two-headed ogre is no longer blind.
Found 14 gold pieces.
The two-headed ogre attacks as you move away!
The two-headed ogre hits you with a +0 giant club!!
* * * LOW HITPOINT WARNING * * *
The two-headed ogre hits you with a +0 giant spiked club!
You die...

#.# ###$# #...# #.#.#
#.#.# #.#.# #
#######...#.#.#..
.........@.......
######.O##.#....
####o.##...#.#
..#..##...#.#
#.#..##...#.#
####.#..##...#.#
+.......##...#.######
####.#.............<#
#.################


You could see a two-headed ogre and an orc wizard (blind).

Vanquished Creatures
  A basilisk (D:7)
  3 water moccasins
  An orc warrior (D:8)
  2 black bears (D:5)
  An ice beast (D:6)
  A centaur (D:7)
  2 phantoms
  3 bullfrogs
  A gnoll sergeant (D:6)
  4 scorpions
  A howler monkey (D:6)
  3 hounds
  3 orc priests (D:7)
  A gnoll bouda (D:6)
  Crazy Yiuf (D:5)
  3 sleepcaps
  3 iguanas
  5 orc wizards
  A mummy (D:5)
  10 gnolls
  7 adders
  2 shadow imps (D:7)
  2 worms
  4 dart slugs
  18 orcs
  8 endoplasms
  4 goblins
  6 hobgoblins
  4 jackals (D:1)
  3 quokkas
  7 ball pythons
  5 bats
  3 frilled lizards
  2 kobolds (D:1)
  2 kobold zombies (D:5)
  2 orc zombies (D:5)
  A rat (D:1)
130 creatures vanquished.

Vanquished Creatures (others)
  An orc priest (D:6)
1 creature vanquished.

Grand Total: 131 creatures vanquished

Notes
Turn   | Place    | Note
-------+----------+-------------------------------------------
     0 | D:1      | sircluck the Hill Orc Fighter began the quest for the Orb.
     0 | D:1      | Reached XP level 1. HP: 19/19 MP: 1/1
   187 | D:1      | Reached XP level 2. HP: 27/27 MP: 2/2
   299 | D:1      | Reached skill level 3 in Axes
  1021 | D:1      | Reached XP level 3. HP: 33/33 MP: 3/3
  1172 | D:1      | You fall into a shaft and drop 1 floor!
  1224 | D:2      | Identified the +3 leather armour of the Trout {rCorr Dex+3}
  2278 | D:3      | Noticed a scorpion
  2288 | D:3      | Killed a scorpion
  2289 | D:3      | Reached skill level 4 in Axes
  2289 | D:3      | Reached XP level 4. HP: 11/41 MP: 4/4
  2291 | D:3      | Reached XP level 5. HP: 13/47 MP: 5/5
  2933 | D:4      | Reached skill level 5 in Axes
  3126 | D:4      | Found a stormy altar of Qazlal.
  3380 | D:4      | Reached XP level 6. HP: 52/53 MP: 6/6
  3630 | D:4      | Reached skill level 1 in Dodging
  3630 | D:4      | Reached skill level 1 in Stealth
  3740 | D:5      | Entered Level 5 of the Dungeon
  3783 | D:5      | Reached skill level 6 in Axes
  3838 | D:5      | Found an ancient bone altar of Kikubaaqudgha.
  3851 | D:5      | Reached skill level 5 in Fighting
  3876 | D:5      | Found a blossoming altar of Fedhas.
  3907 | D:5      | Noticed a water moccasin
  3925 | D:5      | Killed a water moccasin
  3926 | D:5      | Reached XP level 7. HP: 12/61 MP: 7/7
  4140 | D:5      | Reached skill level 7 in Axes
  4253 | D:5      | Found a runed translucent door.
  4254 | D:5      | Noticed Crazy Yiuf
  4303 | D:5      | Reached skill level 5 in Armour
  4414 | D:5      | Found a staircase to the Ecumenical Temple.
  4433 | D:5      | Reached XP level 8. HP: 54/69 MP: 8/8
  4539 | D:5      | Noticed an angel
  4541 | D:5      | Found a shimmering altar of Xom.
  4544 | D:5      | Found a glowing silver altar of Zin.
  5012 | D:5      | Killed Crazy Yiuf
  5205 | D:6      | Reached skill level 8 in Axes
  5687 | D:6      | Became a worshipper of Beogh the Brigand
  5712 | D:6      | Reached skill level 9 in Axes
  5956 | D:6      | Reached XP level 9. HP: 78/78 MP: 9/9
  6167 | D:6      | Found a snail-covered altar of Cheibriados.
  6421 | D:7      | Reached * piety under Beogh
  6422 | D:7      | Reached skill level 10 in Axes
  6670 | D:7      | Noticed Maggie
  6688 | D:7      | Maggie changed into Maggie the basilisk
  6688 | D:7      | Noticed Maggie
  6722 | D:7      | Killed Maggie the basilisk
  7366 | D:8      | Noticed a two-headed ogre
  7390 | D:8      | Slain by a two-headed ogre

Illustrated notes

Levels and vault maps discovered:
D:1:      dpeg_arrival_round_a, layout_basic
D:2:      layout_basic
D:3:      layout_basic, serial_curves, eino_curves_02, eino_curves_02,
          minmay_misc_feat_chi, chequers_serial_rivers_micro_a
D:4:      layout_basic, nicolae_qazlal_scattered_showers
D:5:      layout_loops_cross, fedhas_altar_2, kiku_gazebo_pond_becter,
          grunt_temple_overflow_order_and_chaos_1, minmay_temple_entry_arrows,
          minmay_mini_ossuary, uniq_crazy_yiuf_cottage
D:6:      layout_loops_ring, kennysheep_slug_shrine, nicolae_hexahallways,
          nicolae_grassy_gnolls
D:7:      layout_cave_pods, kennysheep_decorative_pillar,
          kennysheep_generic_room_16, uniq_maggie
D:8:      layout_basic, mainiacjoe_overflow_catwalk, lair_entry_dummy,
          kb_rosetta

Skill      XL: |  1  2  3  4  5  6  7  8  9 |
---------------+----------------------------+-----
Axes           | 3 4 5 6 7 9 10 | 10.6
Fighting       | 4 5 6 |  6.8
Armour         | 4 5 6 |  6.8
Dodging        | 1 2 |  2.9
Stealth        | 1 2 |  2.3
Shields        | 4 |  4.9
Unarmed Combat | |  0.5
Evocations     | |  0.6

Action                     |  1- 3 |  4- 6 |  7- 9 || total
---------------------------+-------+-------+-------++-------
  Melee: War axe           |   100 |   129 |   270 ||   499
         Unarmed           |       |       |     9 ||     9
 Invoke: Convert to Beogh  |       |       |     1 ||     1
  Evoke: Wand              |       |     1 |     3 ||     4
    Use: Potion            |     1 |       |     5 ||     6
   Stab: Sleeping          |       |     2 |       ||     2
         Paralysed         |       |     5 |       ||     5
 Armour: Scale mail        |    25 |    38 |   128 ||   191
         Leather armour    |    21 |    21 |       ||    42
         Skin              |       |       |    11 ||    11
  Dodge: Dodged            |    57 |    64 |   127 ||   248
  Block: Buckler           |    24 |    33 |    61 ||   118

Table legend: (Time is in decaauts)
 A = Elapsed time spent in this place.
 B = Non-inter-level travel time spent in this place.
 C = Inter-level travel time spent in this place.
 D = Time resting spent in this place.
 E = Time spent auto-exploring this place.
 F = Levels seen in this place.
 G = Mean time per level.
                   A        B        C        D        E       F      G
               +--------+--------+--------+--------+--------+-----+--------+
         Total |   7495 |   7134 |    361 |    346 |   5553 |   8 |  936.9 |
       Dungeon |   7495 |   7134 |    361 |    346 |   5553 |   8 |  936.9 |
               +--------+--------+--------+--------+--------+-----+--------+

Top non-repeatable levels by time:
     D:1: 1479 daAuts
     D:5: 1298 daAuts
     D:7: 1137 daAuts
     D:6: 1077 daAuts
     D:4: 1032 daAuts
     D:2: 820 daAuts
     D:3: 603 daAuts
     D:8: 45 daAuts
